AoeStats
← B!G SPARKY

Arena

510857660Analyzed
2v2 RM · 11h ago on Oct 2, 2026· 26m 9s· 4 players
Game mode
Random Map
Map size
Medium (4 player)
Population
200
Speed
Normal
Resources
Standard
Victory
Conquest
Starting age
Dark Age
Ending age
Imperial Age
RankedLock teamsTeams togetherTeam positionsShared explorationLock speedFull tech treeHidden civsTurbo modeCheats
Victory
Defeat
🇹🇷 Bulgarians · Türkiye
1135
+17
🇹🇷 Khmer · Türkiye
1095
+18
🇨🇳 Inca · China
1153
-18
🇨🇴 Khmer · Colombia
1138
-17
HolyGhost
11:55 Feudal Age
15:48 Castle Age
14:33 Double-Bit Axe
14:29 Horse Collar
18:39 Gold Mining
B!G SPARKY
10:10 Feudal Age
13:47 Castle Age
12:06 Double-Bit Axe
12:33 Horse Collar
25:08 Scale Barding Armor
25:16 Bloodlines
25:06 Husbandry
25:01 Loom
26:55 Chain Barding Armor
yangmingbae
7:10 Loom
9:47 Feudal Age
14:13 Castle Age
12:52 Double-Bit Axe
13:27 Horse Collar
16:02 Bow Saw
19:46 Heavy Plow
21:00 Pikeman
21:46 Champi Runner
23:30 Gold Mining
24:13 Champi Warrior
25:30 Scale Mail Armor
25:40 Forging
CFGallardo
10:03 Feudal Age
13:03 Castle Age
10:54 Double-Bit Axe
11:24 Horse Collar
14:51 Wheelbarrow
17:25 Heavy Plow
20:22 Hand Cart
19:56 Loom
Connection lost

Rejoining the realm…

Still unreachable

The connection could not be restored.

Session expired

The server has moved on; the page needs a fresh start.